 Dungeon Crawl Stone Soup version 0.29.1-14-g9c671dbff4 (webtiles) character file.

Game seed: 17695663886435636470

190 Heoruswealwe the Grave Robber (level 5, 0/28 HPs)
             Began as a Deep Elf Necromancer on Feb 13, 2023.
             Killed by nerve-wracking pain
             ... invoked by Grinder
              (3 damage)
             ... on level 3 of the Dungeon.
             The game lasted 00:42:51 (3001 turns).

Heoruswealwe the Grave Robber (DENe)                Turns: 3001, Time: 00:42:55

Health: 0/28       AC:  4    Str:  5    XL:     5   Next: 41%
Magic:  12/12      EV: 13    Int: 22    God:
Gold:   45         SH:  5    Dex: 15    Spells: 3/11 levels left

rFire   . . .      SeeInvis .   s - staff of poison
rCold   . . .      Faith    .   (no shield)
rNeg    . . .      Spirit   .   z - +0 robe
rPois   +          Reflect  +   (no helmet)
rElec   .          Harm     .   K - +0 cloak
rCorr   .          Rampage  .   k - +0 pair of gloves
Will    .....                   (no boots)
Stlth   ++........              y - amulet of reflection
HPRegen 0.09/turn               (no ring)
MPRegen 0.13/turn               (no ring)

@: no status effects
A: no striking features
a: no special abilities


You were on level 3 of the Dungeon.
You visited 1 branch of the dungeon, and saw 3 of its levels.

You collected 101 gold pieces.
You spent 56 gold pieces at shops.

Inventory:

Hand Weapons
 d - a +0 dagger
 i - a +0 club
 q - a +0 dagger
 u - a +0 short sword
 B - a +0 trident
 E - a +0 flail
 F - a +2 dagger of venom
 G - a +0 dagger
 I - a +0 dagger
 J - a +2 quarterstaff of chaos
 L - a +2 hammer of venom
Missiles
 h - 33 stones
 r - 6 poisoned darts
Armour
 a - a +0 robe
 b - a +0 robe
 g - a +0 scale mail
 k - a +0 pair of gloves (worn)
 m - a +0 ring mail
 v - a +0 ring mail
 z - a +0 robe (worn)
 K - a +0 cloak (worn)
Magical Staves
 s - a staff of poison (weapon)
Jewellery
 y - an amulet of reflection (around neck)
Wands
 C - a wand of charming (7)
Scrolls
 c - 2 scrolls of teleportation
 l - a scroll of enchant armour
 n - 2 scrolls of noise
 p - a scroll of fog
 t - a scroll of vulnerability
 A - a scroll of magic mapping {unknown}
 H - a scroll of enchant weapon {unknown}
Potions
 e - a potion of curing
 f - a potion of lignification {unknown}
 j - a potion of heal wounds {unknown}
 o - 2 potions of haste {unknown}
 w - a potion of resistance {unknown}
 x - a potion of invisibility {unknown}
 D - 2 potions of attraction {unknown}


   Skills:
 + Level 0.7 Fighting
 + Level 1.1 Staves
 + Level 2.8 Dodging
 + Level 2.7 Stealth
 * Level 3.7 Spellcasting
 + Level 0.7 Conjurations
 + Level 1.3 Hexes
 + Level 1.1 Summonings
 * Level 5.1 Necromancy
 + Level 1.1 Translocations
 + Level 0.8 Transmutations
 + Level 0.6 Fire Magic
 + Level 0.6 Ice Magic
 + Level 0.7 Air Magic
 + Level 1.0 Earth Magic
 + Level 1.1 Poison Magic
 + Level 0.9 Invocations
 + Level 0.8 Evocations


You had 3 spell levels left.
You knew the following spells:

 Your Spells              Type           Power      Damage    Failure   Level
a - Necrotise             Necr           100%       1d9       1%          1
b - Vampiric Draining     Necr           26%        2d7       4%          3
c - Dispel Undead         Necr           26%        3d13      14%         4

Your spell library contained the following spells:

 Spells                   Type           Power      Damage    Failure   Level
 Static Discharge         Conj/Air       7%         3-4/arc   13%         2
 Animate Dead             Necr           26%        N/A       14%         4
 Agony                    Necr           26%        N/A       36%         5
 Sticky Flame             Conj/Fire      7%         2d3       65%         4


Dungeon Overview and Level Annotations

Branches:
Dungeon (3/15)

Altars:
Uskayaw
The Shining One

Shops:
D:2 (=?

Annotations:
D:3 Grinder


Message History

Confirm with . or Enter, or press ? or * to list all spells.
You can't see any susceptible monsters within range! (Use Z to cast anyway.)
Press: ? - help, v - describe, . - travel The floor.
You barely miss Grinder. Grinder closely misses you.
You hit Grinder but do no damage.
Grinder blinks!
Grinder blinks!
You hit Grinder but do no damage. Grinder hits you but does no damage.
You hit Grinder but do no damage. Grinder closely misses you.
You closely miss Grinder. Grinder hits you. You block Grinder's attack.
You hit Grinder.
Grinder is lightly wounded.
Grinder barely misses you.
You closely miss Grinder.
Grinder is lightly wounded.
Grinder misses you.
You closely miss Grinder.
Grinder is lightly wounded.
Grinder gestures at you. Pain shoots through your body!
You closely miss Grinder.
Grinder is lightly wounded.
Grinder barely misses you.
You hit Grinder.
Grinder is lightly wounded.
Grinder hits you!
* * * LOW HITPOINT WARNING * * *
You writhe in agony.
* * * LOW HITPOINT WARNING * * *
It was a potion of curing.
You feel better.
Grinder says, "You look like you could use a good racking."
Grinder gestures at you. You resist with significant effort.
Grinder attacks as you move away! Grinder hits you.
* * * LOW HITPOINT WARNING * * *
You writhe in agony.
* * * LOW HITPOINT WARNING * * *
Grinder gestures at you. Pain shoots through your body!
You die...

..........#..........# #.# #.##.
##........#..........# #.# #....
#........#......###.# #.###...#
#...............###.####......##
#........#.......##.......#.....
#........##..............##.....
##..####.# #....5................
##.## #.# #...............#.....
.#.#####.# #....@.........##.....
.....>##.# #........##.##........
#.....##.# #.###.#####.####..##.#
#.....##.###.....# #.# ##..#.#
#.....##.#....##.#####.######.#..
#..##†.........#...........##...#
......##.##..#.#..>.........###..
....#........#...............####
...#####.##..................# #


You could see Grinder.

Vanquished Creatures
  Crazy Yiuf (D:3)
  Natasha (thrice) (D:3)
  5 adders
  A dart slug (D:3)
  2 worms (D:2)
  An orc (D:3)
  3 ball pythons
  2 endoplasms (D:3)
  2 giant cockroaches
  3 goblins
  3 hobgoblins
  3 bats
  3 frilled lizards
  3 kobolds
  A rat (D:2)
36 creatures vanquished.

Vanquished Creatures (collateral kills)
  A bat (D:2)
  A giant cockroach (D:2)
  A quokka (D:2)
  A rat (D:1)
4 creatures vanquished.

Vanquished Creatures (others)
  A fungus (D:3)
1 creature vanquished.

Grand Total: 41 creatures vanquished

Notes
Turn   | Place    | Note
-------+----------+-------------------------------------------
     0 | D:1      | Heoruswealwe the Deep Elf Necromancer began the quest for
                  | the Orb.
     0 | D:1      | Reached XP level 1. HP: 10/10 MP: 6/6
  1005 | D:2      | Reached XP level 2. HP: 15/15 MP: 6/8
  1198 | D:2      | Found Gevint's Jewellery Boutique.
  1296 | D:2      | Found a faded altar of an unknown god.
  1301 | D:2      | Reached XP level 3. HP: 19/19 MP: 4/9
  1412 | D:2      | Prayed at the altar of an unknown god.
  1412 | D:2      | Became a worshipper of the Shining One
  1412 | D:2      | Reached * piety under the Shining One
  1414 | D:2      | Fell from the grace of the Shining One
  1468 | D:2      | Found Seclarimua's Weapon Shoppe.
  1507 | D:2      | Learned a level 3 spell: Vampiric Draining
  1548 | D:2      | Reached skill level 1 in Hexes
  1548 | D:2      | Reached skill level 5 in Necromancy
  1747 | D:1      | You fall into a shaft and drop 1 floor!
  1839 | D:2      | Found Nogoanap's Magic Scroll Shoppe.
  1845 | D:2      | Bought a scroll of identify for 28 gold pieces
  2100 | D:3      | Reached XP level 4. HP: 23/24 MP: 2/11
  2130 | D:3      | Noticed Natasha
  2145 | D:3      | Killed Natasha
  2173 | D:3      | Noticed Grinder
  2248 | D:2      | Bought a scroll of identify for 28 gold pieces
  2399 | D:3      | Noticed Natasha
  2404 | D:3      | Killed Natasha
  2405 | D:3      | Reached skill level 1 in Staves
  2405 | D:3      | Reached skill level 1 in Summonings
  2405 | D:3      | Reached skill level 1 in Translocations
  2405 | D:3      | Reached skill level 1 in Earth Magic
  2555 | D:3      | Noticed Natasha
  2560 | D:3      | Killed Natasha
  2561 | D:3      | Reached skill level 1 in Poison Magic
  2561 | D:3      | Reached XP level 5. HP: 28/28 MP: 1/12
  2603 | D:3      | Found a hide-covered altar of Uskayaw.
  2619 | D:3      | Learned a level 4 spell: Dispel Undead
  2865 | D:3      | Found a runed translucent door.
  2866 | D:3      | Noticed Crazy Yiuf
  2875 | D:3      | Killed Crazy Yiuf
  3001 | D:3      | Killed from afar by Grinder

Illustrated notes

Levels and vault maps discovered:
D:1:      matt_arrival_spirals, layout_loops_ring, grunt_decor_resistance
D:2:      layout_basic, serial_shops, shop, nicolae_square_shop,
          nicolae_shop_crystal, chequers_ecumenical_altar_island,
          eino_tiny_chamber
D:3:      layout_rooms, nicolae_uskayaw_dance_hall, uniq_natasha,
          uniq_crazy_yiuf_cottage, uniq_grinder

Skill      XL: |  1  2  3  4 |
---------------+-------------+-----
Hexes          | 1 |  1.3
Necromancy     | 5 |  5.1
Staves         | 1 |  1.1
Summonings     | 1 |  1.1
Translocations | 1 |  1.1
Earth Magic    | 1 |  1.0
Poison Magic   | 1 |  1.1
Fighting       | |  0.7
Dodging        | |  2.8
Stealth        | |  2.7
Spellcasting   | |  3.7
Conjurations   | |  0.7
Transmutations | |  0.8
Fire Magic     | |  0.6
Ice Magic      | |  0.6
Air Magic      | |  0.7
Invocations    | |  0.9
Evocations     | |  0.8

Action                   |  1- 3 |  4- 6 || total
-------------------------+-------+-------++-------
Melee: Staff             |       |    20 ||    20
 Cast: Necrotise         |    49 |    20 ||    69
       Vampiric Draining |     6 |    11 ||    17
Invok: Renounce Religion |     1 |       ||     1
  Use: Scroll            |     4 |     1 ||     5
       Potion            |     1 |     1 ||     2
Armor: Robe              |     4 |     7 ||    11
Dodge: Dodged            |     5 |    24 ||    29
Block: Other             |     1 |     8 ||     9
